 Dungeon Crawl Stone Soup version 0.32-a0-613-g40f424ee2b (webtiles) character file.

Game seed: 7216024546650389166

234 GordonOverkill the Sneak (level 5, -6/32 HPs)
             Began as a Deep Elf Delver on Mar 5, 2024.
             Succumbed to an orc's poison
             ... on level 4 of the Dungeon.
             The game lasted 00:08:30 (3341 turns).

GordonOverkill the Sneak (Deep Elf Delver)          Turns: 3341, Time: 00:08:30

Health: -6/32      AC: 10    Str:  6 (9)  XL:     5   Next: 75%
Magic:  7/7        EV:  7    Int: 14 (15) God:
Gold:   109        SH:  0    Dex: 17 (18) Spells: 4/4 levels left

rFire   + . .        b - +1 sling
rCold   . . .        (no shield)
rNeg    . . .        q - +2 scale mail {rF+}
rPois   .            (no helmet)
rElec   .            (no cloak)
rCorr   .            s - +0 pair of gloves
SInv    .            m - +0 pair of boots
Will    +....        (no amulet)
Stlth   ++           h - ring of flight
HPRegen 0.25/turn    (no ring)
MPRegen 0.10/turn

%: no passive effects
@: lethally poisoned (-6 -> -36), enlightened, flying
A: no striking features
a: no special abilities


You were on level 4 of the Dungeon.
You visited 1 branch of the dungeon, and saw 6 of its levels.

You collected 161 gold pieces.
You spent 52 gold pieces at shops.

Inventory:

Hand Weapons
 a - a +2 dagger of speed
 b - a +1 sling (weapon)
Armour
 m - a +0 pair of boots (worn)
 q - a +2 scale mail of fire resistance (worn)
 s - a +0 pair of gloves (worn)
Jewellery
 h - a ring of flight (left hand)
 u - a +4 ring of protection
Wands
 g - a wand of digging (2)
Scrolls
 c - a scroll of fog
 d - 2 scrolls of revelation
 e - 3 scrolls of enchant weapon
 f - 2 scrolls of noise {unknown}
 i - a scroll of blinking {unknown}
 k - 4 scrolls of immolation {unknown}
 o - 5 scrolls of teleportation {unknown}
 p - a scroll of vulnerability {unknown}
 t - a scroll of brand weapon {unknown}
Potions
 r - a potion of brilliance


   Skills:
 - Level 3.0 Fighting
 - Level 2.0 Short Blades
 - Level 5.0 Ranged Weapons
 - Level 4.0 Dodging
 - Level 6.0 Stealth
 + Level 2.4 Evocations


You had 4 spell levels left.
You didn't know any spells.
Your spell library contained the following spells:

 Spells                   Type           Power      Damage    Failure   Level
 Magic Dart               Conj           0%         1d3       99%         1
 Sandblast                Erth           0%         2d4       99%         1
 Blink                    Tloc           0%         N/A       100%        2
 Call Imp                 Summ           0%         N/A       100%        2
 Passwall                 Erth           0%         N/A       100%        3
 Stone Arrow              Conj/Erth      0%         3d7       100%        3
 Brom's Barrelling Bould  Conj/Erth      0%         2d3       100%        4


Dungeon Overview and Level Annotations

Branches:
Dungeon (6/15)
 Temple: D:4-7

Altars:
Ru

Shops:
D:2 *   D:3 ?

Annotations:
D:5 2 transporters, stil's ghost, novice CoWr


Message History

The orc attacks as it pursues you! The orc closely misses you.
The orc attacks as it pursues you! The orc barely misses you.
The orc attacks as it pursues you!
The orc hits you from afar with a +1 trident of venom.
You are poisoned.
You feel very sick.
You feel very sick. The orc attacks as it pursues you!
The orc closely misses you.
You feel sick. The orc barely misses you. The orc hits you but does no damage.
You are more poisoned.
You feel very sick.
You feel sick.
You feel better. The orc hits you but does no damage.
The orc hits you from afar with a +1 trident of venom!
* * * LOW HITPOINT WARNING * * *
You are poisoned.
As you read the scroll labelled CUBAEC FEOFF, it crumbles to dust.
It is a scroll of enchant weapon.
Your +0 sling glows red for a moment.
You feel very sick. The orc hits you but does no damage. x2
You are lethally poisoned!
It was a potion of degeneration.
There was something very wrong with that liquid.
You feel weakened.
You feel dopey.
You feel clumsy.
* * * LOW HITPOINT WARNING * * *
You feel very sick. The orc hits you but does no damage. x2
You are more poisoned.
You feel more buoyant.
* * * LOW HITPOINT WARNING * * *
You feel very sick. The orc closely misses you.
The orc hits you from afar with a +1 trident of venom.
* * * LOW HITPOINT WARNING * * *
You are more poisoned.
You shoot a sling bullet. The sling bullet barely misses the orc.
The sling bullet hits the orc.
The orc is moderately wounded.
You die...

....#........#.###'##...####.#.#
....#.)......#..........# #...#
#########+######........# #.#.#
####........# #.#.# ..#........#
#...# #.#........# #.###
#.#........# #.# #..........#
###@######## #o# ### #o## #..
#gg## #.# ##..## #.# ##..###.# .
###.....###.... #......>..)...#
#.#######.#####


You could see 2 gnolls and 2 orcs.

Vanquished Creatures
  A howler monkey (D:5)
  A hound (D:4)
  2 orc wizards
  An adder (D:2)
  A gnoll (D:1)
  An ufetubus (D:6)
  2 ribbon worms (D:2)
  4 dart slugs
  3 orcs (D:3)
  6 ball pythons
  5 bats
  9 endoplasms
  A giant cockroach (D:3)
  4 hobgoblins
  9 jackals
  4 quokkas
  2 frilled lizards (D:2)
  4 goblins
  10 kobolds
  5 rats
75 creatures vanquished.

Notes
Turn   | Place    | Note
-------+----------+-------------------------------------------
     0 | D:5      | GordonOverkill the Deep Elf Delver began the quest for the
                  | Orb.
     0 | D:5      | Reached XP level 1. HP: 13/13 MP: 3/3
     1 | D:6      | Noticed a hound
     1 | D:6      | Noticed a hound
     1 | D:6      | Noticed a bombardier beetle
    54 | D:5      | Noticed a hound
    93 | D:5      | Noticed a howler monkey
   110 | D:5      | Found a transporter.
   114 | D:5      | Noticed stil's ghost (novice CoWr)
   115 | D:5      | Found a transporter.
   146 | D:5      | Killed a howler monkey
   147 | D:5      | Reached XP level 2. HP: 19/19 MP: 4/4
   147 | D:5      | Reached XP level 3. HP: 23/23 MP: 5/5
   354 | D:4      | Reached XP level 4. HP: 28/28 MP: 6/6
   446 | D:2      | Found a sacrificial altar of Ru.
   568 | D:2      | Found Wiuck's General Store.
   869 | D:1      | Reached skill level 5 in Ranged Weapons
  1419 | D:1      | Found a faded altar of an unknown god.
  1935 | D:2      | Reached XP level 5. HP: 32/32 MP: 7/7
  2482 | D:3      | Reached skill level 1 in Evocations
  3177 | D:3      | Found The Oracle's Delphic Readings.
  3181 | D:3      | Bought a scroll of identify for 26 gold pieces
  3183 | D:3      | Bought a scroll of identify for 26 gold pieces
  3341 | D:4      | Succumbed to an orc's poison

Illustrated notes

Levels and vault maps discovered:
D:1:      minmay_arrival_widening_spiral_wide, layout_rooms,
          shapermc_ecumenical_altar_mp_urbaneastern,
          nicolae_kite_square_tiling_tiny, item_on_display_a
D:2:      minmay_razor_zed, layout_basic, basic_altar, serial_shops, shop
D:3:      layout_basic, nicolae_nh_oracle_at_delphi
D:4:      layout_basic, minmay_temple_entry_antechambers, nrook_mini_vaults,
          hangedman_abyss_or_decor_lesser_grid
D:5:      layout_cave_pods, gammafunk_ghost_mausoleum,
          nicolae_concentric_dashed_squares_mild
D:6:      layout_loops_cross, uniq_duvessa

Skill      XL: |  1  2  3  4  5 |
---------------+----------------+-----
Fighting       | 3 |  3.0
Ranged Weapons | 3 4 5 |  5.0
Dodging        | 3 4 |  4.0
Evocations     | 2 |  2.4
Short Blades   | |  2.0
Stealth        | |  6.0

Action                     |  1- 3 |  4- 6 || total
---------------------------+-------+-------++-------
  Melee: Short sword       |     4 |       ||     4
         Dagger            |     1 |   194 ||   195
   Fire: Sling             |       |    65 ||    65
  Evoke: Wand              |       |     1 ||     1
    Use: Scroll            |     1 |     4 ||     5
         Potion            |     1 |     3 ||     4
   Stab: Sleeping          |     5 |     9 ||    14
 Armour: Leather armour    |     4 |    37 ||    41
         Scale mail        |       |   101 ||   101
  Dodge: Dodged            |     8 |   118 ||   126

Table legend: (Time is in decaauts)
 A = Elapsed time spent in this place.
 B = Non-inter-level travel time spent in this place.
 C = Inter-level travel time spent in this place.
 D = Time resting spent in this place.
 E = Time spent auto-exploring this place.
 F = Levels seen in this place.
 G = Mean time per level.
                   A        B        C        D        E       F      G
               +--------+--------+--------+--------+--------+-----+--------+
         Total |   3267 |   3097 |    170 |    360 |   1818 |   6 |  544.5 |
       Dungeon |   3267 |   3097 |    170 |    360 |   1818 |   6 |  544.5 |
               +--------+--------+--------+--------+--------+-----+--------+

Top non-repeatable levels by time:
     D:2: 1025 daAuts
     D:1: 933 daAuts
     D:3: 878 daAuts
     D:5: 258 daAuts
     D:4: 158 daAuts
     D:6: 13 daAuts
